 Dungeon Crawl Stone Soup version 0.29.0-13-gc9e81de378 (webtiles) character file.

Game seed: 3779797864099789009

96 emagee the Chopper (level 4, 0/35 HPs)
             Began as a Formicid Abyssal Knight on Sept 9, 2022.
             Was a Priest of Lugonu.
             Succumbed to an adder's poison
             ... on level 3 of the Dungeon.
             The game lasted 00:05:24 (1860 turns).

emagee the Chopper (Formicid Abyssal Knight)        Turns: 1860, Time: 00:05:25

Health: 0/35       AC:  7    Str: 20    XL:     4   Next: 98%
Magic:  5/5        EV: 11    Int:  9    God:    Lugonu [***...]
Gold:   193        SH:  0    Dex: 14    Spells: 3/3 levels left

rFire   . . .      SeeInvis +   a - +1 hand axe
rCold   . . .      Faith    .   (no shield)
rNeg    . . .      Spirit   .   b - +0 leather armour
rPois   .          Reflect  .   (helmet unavailable)
rElec   .          Harm     .   h - scarf {repulsion}
rCorr   .          Rampage  .   (no gloves)
Will    .....                   (no boots)
Stlth   +.........              (no amulet)
HPRegen 0.11/turn               e - +4 ring of protection
MPRegen 0.09/turn               (no ring)

@: lethally poisoned (0 -> -6), repel missiles
A: permanent stasis, dig shafts and tunnels, antennae 3, four strong arms
a: Dig, Shaft Self, Renounce Religion, Depart the Abyss, Bend Space, Banish


You were on level 3 of the Dungeon.
You worshipped Lugonu.
Lugonu was most pleased with you.
You visited 1 branch of the dungeon, and saw 3 of its levels.
You visited the Abyss 1 time.

You collected 193 gold pieces.

Inventory:

Hand Weapons
 a - a +1 hand axe (weapon)
Armour
 b - a +0 leather armour (worn)
 h - a scarf of repulsion (worn)
Jewellery
 e - a +4 ring of protection (left hand)
Scrolls
 c - 2 scrolls of identify {unknown}
 d - a scroll of blinking {unknown}
 f - a scroll of teleportation {unknown}
 i - a scroll of silence {unknown}
 j - a scroll of magic mapping {unknown}
 l - a scroll of immolation {unknown}
Potions
 g - a potion of degeneration {unknown}
 k - a potion of curing {unknown}


   Skills:
 - Level 3.2 Fighting
 + Level 4.7 Axes
 - Level 2.1 Armour
 - Level 0.8 Dodging
 - Level 2.1 Invocations


You had 3 spell levels left.
You didn't know any spells.
Your spell library was empty.

Dungeon Overview and Level Annotations

Branches:
Dungeon (3/15)

Altars:

Annotations:
D:2 Sigmund


Innate Abilities, Weirdness & Mutations

You cannot be hasted, slowed, berserked, paralysed or teleported.
You can dig through walls and to a lower floor.
You have a pair of large antennae on your head. (SInv)
Your four strong arms can wield two-handed weapons with a shield.


Message History

The bat hits you but does no damage. The adder completely misses you.
The bat attacks as you move away! The bat closely misses you.
The bat hits you but does no damage. The bat barely misses you.
The bat attacks as you move away! The bat closely misses you.
The bat barely misses you. The bat hits you but does no damage.
The bat attacks as you move away! The bat hits you but does no damage.
The giant cockroach waves its antennae.
The bat misses you. The bat closely misses you.
The bat hits you but does no damage.
Found 2 scrolls labelled CISHUC SIRO.
The bat barely misses you. The bat completely misses you.
The bat hits you but does no damage. The bat barely misses you.
The bat hits you but does no damage. The bat hits you but does no damage.
The bat misses you. The adder attacks as you move away!
The adder bites you but does no damage. The bat misses you. The bat misses you.
The bat hits you.
* * * LOW HITPOINT WARNING * * *
The adder bites you.
* * * LOW HITPOINT WARNING * * *
The bat attacks as you move away! The bat barely misses you.
The bat closely misses you. The adder attacks as you move away!
The adder bites you but does no damage. The bat hits you.
* * * LOW HITPOINT WARNING * * *
The bat misses you. The adder attacks as you move away!
The adder barely misses you. The bat attacks as you move away!
The bat hits you.
* * * LOW HITPOINT WARNING * * *
The bat barely misses you. The bat attacks as you move away!
The bat barely misses you. The bat closely misses you.
The adder bites you but does no damage. The adder attacks as you move away!
The adder bites you.
* * * LOW HITPOINT WARNING * * *
You are lethally poisoned!
The adder poisons you!
You die...

#.....#.#).........# # #+#
###....#.##..†...## #. #+#.# {
#......)##.#...)#.# .. ....#
+.......#.#.#..#.#.#.. ....#
#........#.##..##.#... ....#
#.........##....##.... ....#
####.................. ....#
######...S...g.......... .<..#
#......@..B.##....##....
###.####.#.####....b#.##..##?#...
.........#.# #....#.#.#..#.#.#..
####.#####.# #....##.#....#.##..
#.# #.# #...#.##......##.#. #.#
#.# #..#.#..........#.# #.# #.#
#..##............## #.# #.#
#.#................ #.# #.#
#............!..B..


You could see a gnoll, an adder, a giant cockroach and a bat.

Vanquished Creatures
  An adder (D:2)
  3 gnolls (D:3)
  A worm (D:2)
  7 endoplasms
  2 giant cockroaches
  2 goblins (D:1)
  7 hobgoblins
  3 jackals (D:1)
  2 kobolds
  5 quokkas
  3 ball pythons
  6 bats
  4 frilled lizards
  4 rats
50 creatures vanquished.

Vanquished Creatures (others)
  A plant (D:1)
  A withered plant (D:1)
2 creatures vanquished.

Grand Total: 52 creatures vanquished

Notes
Turn   | Place    | Note
-------+----------+-------------------------------------------
     0 | Abyss:1  | emagee the Formicid Abyssal Knight began the quest for the
                  | Orb.
     0 | Abyss:1  | Reached XP level 1. HP: 18/18 MP: 2/2
    15 | D:1      | Escaped the Abyss
   125 | D:1      | Reached XP level 2. HP: 24/24 MP: 3/3
   174 | D:1      | Found a faded altar of an unknown god.
   263 | D:1      | Reached skill level 3 in Axes
   304 | D:1      | Reached XP level 3. HP: 19/29 MP: 4/4
  1037 | D:2      | Reached *** piety under Lugonu
  1038 | D:2      | Reached skill level 4 in Axes
  1038 | D:2      | Reached XP level 4. HP: 27/35 MP: 5/5
  1124 | D:2      | Noticed Sigmund
  1860 | D:3      | Succumbed to an adder's poison

Illustrated notes

Levels and vault maps discovered:
D:1:      ncdulo_smallfort, layout_basic, shapermc_ecumenical_altar_flowoftime,
          chequers_jeans
D:2:      layout_rooms, uniq_sigmund
D:3:      layout_basic, fiery_altar_vehumet, mainiacjoe_overflow_tiny_flanked,
          minmay_misc_feat_secret_circle, minivault_23

Skill      XL: |  1  2  3 |
---------------+----------+-----
Axes           | 3 4 |  4.7
Fighting       | |  3.2
Armour         | |  2.1
Dodging        | |  0.8
Invocations    | |  2.1

Action                   |  1- 3 |  4- 6 || total
-------------------------+-------+-------++-------
Melee: Hand axe          |   103 |    46 ||   149
       Punch             |     2 |       ||     2
 Stab: Sleeping          |       |     1 ||     1
Armor: Leather armour    |    27 |    24 ||    51
Dodge: Dodged            |    80 |    51 ||   131
       Repelled          |       |     1 ||     1
